 Dungeon Crawl Stone Soup version 0.19.0-2-gae57169 (webtiles) character file.

11781 Kullungy the Basher (level 11, -3/130 HPs)
             Began as an Ogre Berserker on Nov 6, 2016.
             Was a High Priest of Trog.
             Slain by a yak (11 damage)
             ... on level 11 of the Dungeon.
             The game lasted 00:49:49 (12172 turns).

Kullungy the Basher (Ogre Berserker)               Turns: 12172, Time: 00:49:50

Health: -3/130     AC:  7    Str: 27    XL:     11   Next: 83%
Magic:  3/3        EV: 12    Int:  6    God:    Trog [*****.]
Gold:   628        SH:  0    Dex:  9    Spells: 0 memorised, 10 levels left

rFire  . . .     SeeInvis .     p - +3 great mace (antimagic)
rCold  . . .     Gourm    .     J - +0 troll leather armour {Purgy}
rNeg   . . .     Faith    +     (shield currently unavailable)
rPois  +         Spirit   .     (helmet restricted)
rElec  .         Reflect  .     (no cloak)
rCorr  .         Harm     .     (gloves unavailable)
MR     +++..                    (boots unavailable)
Stlth  +.........               w - amulet of faith
                                N - ring of poison resistance
                                q - +2 ring of protection

@: regenerating
A: unfitting armour, tough skin 1
a: Berserk, Trog's Hand, Brothers in Arms, Burn Spellbooks, Renounce Religion


You were on level 11 of the Dungeon.
You worshipped Trog.
Trog was extremely pleased with you.
You were not hungry.

You visited 2 branches of the dungeon, and saw 12 of its levels.
You also visited: Sewer.

You collected 628 gold pieces.

Inventory:

Hand Weapons
 p - a +3 antimagic great mace (weapon)
 C - a +0 giant spiked club
 P - a +1 dire flail of draining
 S - a +3 dire flail of protection
 W - a +3 quarterstaff of speed
Missiles
 d - 244 stones (quivered)
 t - 4 large rocks
 y - 41 poisoned needles
 D - 8 tomahawks of returning
Armour
 J - a +0 troll leather armour (worn) {Purgy}
Jewellery
 f - an uncursed ring of stealth
 q - a +2 ring of protection (left hand)
 w - an amulet of faith (around neck)
 N - a ring of poison resistance (right hand)
 T - an uncursed ring of ice
 U - an uncursed ring of protection from fire
Wands
 a - a wand of confusion (12/48)
 c - a wand of polymorph (13/24)
 m - a wand of digging (4/24)
 L - a wand of confusion (18/48)
 R - a wand of random effects (8/48)
Scrolls
 b - a scroll of magic mapping {unknown}
 k - 2 scrolls of recharging
 z - a scroll of teleportation
 F - 7 scrolls of remove curse
 G - a scroll of silence {unknown}
 K - 2 scrolls of immolation
 M - a scroll of fog
 O - a scroll of blinking {unknown}
 V - a scroll of enchant weapon {unknown}
 Z - 5 scrolls of identify
Potions
 e - 3 potions of cancellation {unknown}
 g - 2 potions of invisibility
 i - 2 potions of ambrosia
 n - a potion of cure mutation {unknown}
 o - a potion of might
 r - a potion of lignification
 s - 5 potions of agility
 x - a potion of flight {unknown}
 A - 4 potions of curing
 B - a potion of beneficial mutation {unknown}
 E - 2 potions of heal wounds
 H - 2 potions of magic
 I - a potion of haste {unknown}
 X - 2 potions of brilliance {unknown}
Comestibles
 h - 4 beef jerkies
 j - 2 royal jellies
 l - a bread ration
 v - 12 fruits
 Q - 2 meat rations
 Y - 7 slices of pizza


   Skills:
 * Level 14.2 Fighting
 + Level 14.6 Maces & Flails
 + Level 3.4 Armour
 + Level 7.3 Dodging
 + Level 1.2 Stealth
   Level 2.9 Shields


You had 10 spell levels left.
You didn't know any spells.

Dungeon Overview and Level Annotations

Branches:
Dungeon (11/15)            Temple (1/1) D:4            Lair (0/6) D:8
    Orc (0/2) D:10

Altars:
Ashenzari
Cheibriados
Dithmenos
Elyvilon
Fedhas
Gozag
Hepliaklqana
Kikubaaqudgha
Makhleb
Nemelex Xobeh
Okawaru
Qazlal
Ru
Sif Muna
Trog
Uskayaw
Vehumet
Xom
Yredelemnul
Zin
The Shining One

Shops:
D:3 *


Innate Abilities, Weirdness & Mutations

You are too large for most types of armour.
You have tough skin. (AC +1)


Message History

The yak is heavily wounded.
The yak gores you but does no damage. The yak barely misses you.
The yak misses you. The yak completely misses you. The yak gores you.
The yak barely misses you. The yak completely misses you.
Your skin crawls.
You feel resistant to hostile enchantments.
The yak gores you. The yak gores you!
* * * LOW HITPOINT WARNING * * *
The yak gores you!
* * * LOW HITPOINT WARNING * * *
The yak gores you.
* * * LOW HITPOINT WARNING * * *
The yak gores you!
* * * LOW HITPOINT WARNING * * *
The yak gores you!
* * * LOW HITPOINT WARNING * * *
The yak misses you. The yak barely misses you.
The yak gores you but does no damage. The yak gores you!
You die...

.##...##....##............
..##.##....##.........>...
#..#.#..##.#..##..........
##.....##....##...........
.#.....#..##.#...........
.........##..............
.##...##.#..##...........
..##.##....##...YYY......
#..#.#..##.#....@YY......
##.....##.......YY......>
.#.....#....##...........
...........###.##########
....######## #.# ##### #.#
#.# #.# #)#


You could see 7 yaks.

Vanquished Creatures
  2 hill giants
  A cyclops (D:8)
  A manticore (D:11)
  Joseph (D:9)
  An elephant (D:8)
  A centaur zombie (D:10)
  A troll (shapeshifter) (D:9)
  A two-headed ogre (D:10)
  The ghost of Nicoed the Firebug, an amateur DrFE of Hepliaklqana (D:4)
  3 slime creatures (D:9)
  2 wyverns
  A shadow (D:11)
  Eustachio (D:5)
  3 hogs (D:9)
  A human (D:9)
  9 yaks
  A hungry ghost (D:8)
  A steam dragon (D:11)
  Edmund (D:6)
  A black bear (D:10)
  Purgy (Sewer)
  7 orc warriors
  4 phantoms
  2 ice beasts
  A necrophage (D:8)
  2 centaurs
  3 ogres
  A crocodile (D:8)
  2 big kobolds
  Blork the orc (D:6)
  3 bullfrogs
  2 gnoll sergeants
  A scorpion (D:4)
  9 killer bees
  8 wights
  An electric eel (D:8)
  5 howler monkeys
  2 crimson imps
  The ghost of Monsterracer the Firebug, a weakling DEFE (D:3)
  2 bullfrog zombies
  A quasit (D:9)
  5 orc priests
  4 hounds
  13 orc wizards
  2 bullfrog skeletons
  A centaur skeleton (D:4)
  6 iguanas
  Natasha (thrice) (D:2)
  4 worker ants
  A hound skeleton (D:3)
  A howler monkey zombie (D:7)
  A worker ant zombie (D:5)
  Robin (D:3)
  13 gnolls
  A howler monkey skeleton (D:10)
  15 adders
  2 shadow imps
  2 oozes (D:2)
  An adder skeleton (D:7)
  2 adder zombies
  4 worms
  5 dart slugs
  3 leopard geckos
  32 orcs
  7 bats
  5 giant cockroaches
  15 goblins
  6 hobgoblins
  10 jackals
  22 kobolds
  2 quokkas
  A ball python (D:2)
  A ball python skeleton (D:5)
  7 frilled lizards
  A jackal skeleton (D:6)
  A leopard gecko skeleton (D:4)
  A quokka skeleton (D:6)
  14 rats
308 creatures vanquished.

Notes
Turn   | Place    | Note
-------+----------+-------------------------------------------
     0 | D:1      | Kullungy the Ogre Berserker began the quest for the Orb.
     0 | D:1      | Reached XP level 1. HP: 24/24 MP: 1/1
    55 | D:1      | Reached XP level 2. HP: 32/32 MP: 2/2
   871 | D:1      | Reached XP level 3. HP: 40/40 MP: 3/3
  1182 | D:2      | Reached skill level 5 in Maces & Flails
  1374 | D:2      | Noticed Natasha
  1387 | D:2      | Killed Natasha
  1387 | D:2      | Reached XP level 4. HP: 7/49 MP: 4/4
  1773 | D:2      | Reached skill level 5 in Fighting
  1906 | D:2      | Reached ** piety under Trog
  1958 | D:2      | Noticed Natasha
  1975 | D:2      | Killed Natasha
  2184 | D:2      | Reached XP level 5. HP: 57/57 MP: 5/5
  2455 | D:2      | Noticed Natasha
  2472 | D:2      | Killed Natasha
  2612 | D:3      | Noticed Robin
  2649 | D:3      | Killed Robin
  3039 | D:3      | Noticed Monsterracer's ghost (weakling DEFE)
  3053 | D:3      | Killed Monsterracer's ghost
  3053 | D:3      | Reached XP level 6. HP: 52/66 MP: 6/6
  3070 | D:3      | Reached skill level 1 in Shields
  3366 | D:3      | Found an opulent altar of Gozag.
  3373 | D:3      | Found Gozag's Platinum Reserve.
  3921 | D:4      | Noticed Nicoed's ghost (amateur DrFE)
  3945 | D:4      | Killed Nicoed's ghost
  3945 | D:4      | Reached XP level 7. HP: 36/75 MP: 7/7
  4318 | D:4      | Found a staircase to the Ecumenical Temple.
  4328 | Temple   | Entered the Ecumenical Temple
  5071 | D:4      | Reached *** piety under Trog
  5523 | D:4      | Reached XP level 8. HP: 76/84 MP: 8/8
  5813 | D:5      | Entered Level 5 of the Dungeon
  5939 | D:5      | Noticed Eustachio
  5958 | D:5      | Killed Eustachio
  5958 | D:5      | Reached skill level 5 in Dodging
  6358 | D:5      | Reached skill level 1 in Stealth
  6784 | D:6      | Noticed Edmund
  6797 | D:6      | Killed Edmund
  6995 | D:6      | Found a glowing drain.
  7031 | Sewer    | Entered a sewer
  7311 | Sewer    | Noticed Purgy
  7317 | Sewer    | Killed Purgy
  7425 | D:6      | Reached XP level 9. HP: 97/97 MP: 9/9
  7454 | D:6      | Noticed Blork the orc
  7461 | D:6      | Killed Blork the orc
  7462 | D:6      | Reached **** piety under Trog
  7466 | D:6      | Reached skill level 10 in Maces & Flails
  7495 | D:6      | Noticed a hill giant
  7510 | D:6      | Killed a hill giant
  7694 | D:6      | You fall through a shaft for 3 floors!
  7713 | D:9      | Noticed Joseph
  7732 | D:9      | Killed Joseph
  7732 | D:9      | Reached skill level 10 in Fighting
  7732 | D:9      | Reached skill level 1 in Armour
  7932 | D:9      | Reached XP level 10. HP: 39/111 MP: 10/10
  9377 | D:8      | Found a glowing silver altar of Zin.
  9434 | D:8      | Found a staircase to the Lair.
  9434 | D:8      | Noticed an elephant
  9445 | D:8      | Killed an elephant
  9445 | D:8      | Reached ***** piety under Trog
  9509 | D:8      | Received a gift from Trog
  9700 | D:8      | Noticed a cyclops
  9713 | D:8      | Killed a cyclops
  9772 | D:8      | Reached XP level 11. HP: 52/124 MP: 11/11
 10906 | D:10     | Entered Level 10 of the Dungeon
 10946 | D:10     | Found a staircase to the Orcish Mines.
 10958 | D:10     | Received a gift from Trog
 11883 | D:11     | Noticed a manticore
 11886 | D:11     | Noticed a hill giant
 11889 | D:11     | Killed a manticore
 11898 | D:11     | Killed a hill giant
 12171 | D:11     | HP: 6/130 [yak (11)]
 12172 | D:11     | Slain by a yak

Skill      XL: |  1  2  3  4  5  6  7  8  9 10 11 |
---------------+----------------------------------+-----
Dodging        | 3 4 5 6 7 |  7.3
Maces & Flails | 5 6 7 9 11 13 14 | 14.6
Fighting       | 5 6 8 10 12 14 | 14.2
Shields        | 2 |  2.9
Stealth        | 1 |  1.2
Armour         | 1 3 |  3.4

Action                   |  1- 3 |  4- 6 |  7- 9 | 10-12 || total
-------------------------+-------+-------+-------+-------++-------
Melee: Mace              |    97 |   235 |    59 |       ||   391
       Giant spiked club |       |       |   165 |       ||   165
       Dire flail        |       |       |   121 |   393 ||   514
       Great mace        |       |       |       |   145 ||   145
Throw: Stone             |       |     2 |       |       ||     2
Invok: Berserk           |     1 |     3 |     3 |     1 ||     8
       Burn Spellbooks   |     1 |       |     1 |     3 ||     5
       Trog's Hand       |       |     2 |       |     1 ||     3
  Use: Scroll            |       |    12 |     6 |       ||    18
       Potion            |       |     1 |     1 |     1 ||     3
 Stab: Sleeping          |       |     1 |       |       ||     1
       Distracted        |       |       |       |     1 ||     1
  Eat: Chunk             |     2 |     1 |     3 |       ||     6
       Meat ration       |       |     2 |       |       ||     2
       Bread ration      |       |     1 |     4 |     4 ||     9
Armor: Animal skin       |    36 |   105 |    32 |       ||   173
       Skin              |       |    27 |       |       ||    27
       Robe              |       |       |    60 |       ||    60
       Troll leather arm |       |       |    24 |   193 ||   217
Dodge: Dodged            |    61 |    82 |   202 |   340 ||   685
Block: Shield            |       |   110 |    25 |       ||   135
